 Dungeon Crawl Stone Soup version 0.24.0-125-gc4c63601f3 (webtiles) character file.

Game seed: 7998972706530011158, levelgen mode: deterministic

140 Descartes the Chopper (level 5, -1/42 HPs)
             Began as a Formicid Chaos Knight on Feb 28, 2020.
             Was a Plaything of Xom.
             Slain by a rust devil (7 damage)
             ... summoned by the capriciousness of Xom
             ... on level 2 of the Dungeon.
             The game lasted 00:04:53 (1361 turns).

Descartes the Chopper (Formicid Chaos Knight)       Turns: 1361, Time: 00:04:54

Health: -1/42      AC: -18   Str: 18    XL:     5   Next: 46%
Magic:  5/5        EV: 16    Int: 11    God:    Xom [..*...]
Gold:   62         SH:  0    Dex: 15    Spells: 4/4 levels left

rFire    + . .     SeeInvis +   a - +0 hand axe (chaos)
rCold    . . .     Gourm    .   (no shield)
rNeg     . . .     Faith    .   r - +0 ring mail
rPois    +         Spirit   .   (helmet unavailable)
rElec    .         Reflect  .   (no cloak)
rCorr    .         Harm     .   (no gloves)
MR       .....                  (no boots)
Stlth    ++........             (no amulet)
HPRegen  0.14/turn              o - ring of fire
MPRegen  0.09/turn              (no ring)

@: agile, corroded
A: permanent stasis, dig shafts and tunnels, four strong arms, antennae 3, cold
resistance 1, poison resistance
a: Dig, Shaft Self, Renounce Religion


You were on level 2 of the Dungeon.
You worshipped Xom.
You were a toy of Xom.
You were not hungry.

You visited 1 branch of the dungeon, and saw 2 of its levels.

You collected 62 gold pieces.

Inventory:

Hand Weapons
 a - a +0 hand axe of chaos (weapon)
Missiles
 f - 67 stones (quivered)
 j - 48 bolts
 p - 6 boomerangs
Armour
 b - a +2 leather armour
 r - a +0 ring mail (worn)
Jewellery
 o - a ring of fire (left hand)
Scrolls
 d - a scroll of fear {unknown}
 e - 4 scrolls of teleportation {unknown}
 l - 2 scrolls of identify {unknown}
 q - a scroll of immolation {unknown}
 s - a scroll of remove curse {unknown}
Potions
 g - a potion of magic {unknown}
 h - a potion of berserk rage
 k - a potion of mutation
 m - a potion of heal wounds {unknown}
Comestibles
 c - 4 rations
 n - a chunk of flesh


   Skills:
 + Level 4.0 Fighting
 * Level 4.1 Axes
 * Level 3.7 Armour
 + Level 1.7 Dodging


You had 4 spell levels left.
You didn't know any spells.
Your spell library was empty.

Dungeon Overview and Level Annotations

Branches:
Dungeon (2/15)

Altars:


Innate Abilities, Weirdness & Mutations

You cannot be hasted, slowed, berserked, paralysed or teleported.
You can dig through walls and to a lower floor.
Your four strong arms can wield two-handed weapons with a shield.
You have a pair of large antennae on your head. (SInv)
Your flesh is cold resistant. (rC+)
Your system is resistant to poisons. (rPois)


Message History

You hit the plant but do no damage. x3
You hear a crackling sound.
The rust devil hits you.
* * * LOW HITPOINT WARNING * * *
The rust devil corrodes you!
It was a potion of berserk rage.
Your stasis prevents you from going berserk.
Xom roars with laughter!
The rust devil hits you.
* * * LOW HITPOINT WARNING * * *
The rust devil corrodes you!
It was a potion of agility.
You feel agile all of a sudden. The rust devil closely misses you.
You hit the rust devil.
The rust devil is heavily wounded.
You hit the plant but do no damage. x3
The plant is devoured by a tear in reality.
The rust devil hits you!
You die...

.....##
#.# .<.###
#.## ...#
#..# ..##
##.## ..#
#..# ..###
##.# ##
....#
#..#♣♣≈#
.####
#...P≈≈♣##
####
#..4@P≈≈≈#
...#
#..§§§≈P♣#
...#
#..P.≈≈P♣
...#
#....≈P≈#
..>#
####≈≈≈##
...# #####
#### # #


You could see a rust devil.

Vanquished Creatures
  An electric eel (D:2)
  4 adders (D:2)
  An ooze (D:1)
  A leopard gecko (D:1)
  4 orcs (D:2)
  A ball python (D:2)
  5 bats (D:1)
  A giant cockroach (D:1)
  7 goblins
  7 hobgoblins
  8 jackals
  8 kobolds
  2 frilled lizards
  2 rats
52 creatures vanquished.

Vanquished Creatures (others)
  A plant (D:2)
1 creature vanquished.

Grand Total: 53 creatures vanquished

Notes
Turn   | Place    | Note
-------+----------+-------------------------------------------
     0 | D:1      | Descartes the Formicid Chaos Knight began the quest for the
                  | Orb.
     0 | D:1      | Reached XP level 1. HP: 18/18 MP: 1/1
    35 | D:1      | Reached skill level 1 in Dodging
    35 | D:1      | Reached XP level 2. HP: 17/24 MP: 2/2
   132 | D:1      | XOM: harmless Ice miscast
   149 | D:1      | Reached XP level 3. HP: 19/29 MP: 3/3
   231 | D:1      | XOM: harmless Tmut miscast
   389 | D:1      | XOM: divination: detect creatures
   751 | D:2      | Reached XP level 4. HP: 26/37 MP: 4/4
   779 | D:2      | Gained mutation: Your flesh is cold resistant. (rC+)
                  | [potion of mutation]
   779 | D:2      | Gained mutation: Your system is resistant to poisons.
                  | (rPois) [potion of mutation]
   793 | D:2      | XOM: divination: detect creatures
   820 | D:2      | HP: 1/37 [kobold (4)]
  1001 | D:2      | Reached XP level 5. HP: 24/42 MP: 5/5
  1003 | D:2      | XOM: mild Pois miscast
  1088 | D:2      | XOM: cloud trail
  1351 | D:2      | XOM: medium Summ miscast
  1352 | D:2      | Noticed a rust devil
  1361 | D:2      | Slain by a rust devil

Levels and vault maps discovered:
D:1:      minmay_arrival_stair_chambers, layout_basic, minmay_tall_x
D:2:      layout_rooms, first_ration, serial_bayou, serial_bayou_shore_b,
          serial_bayou_shore_b, serial_bayou_pond_b, serial_bayou_lagoon_b

Skill      XL: |  1  2  3  4  5 |
---------------+----------------+-----
Dodging        | 1 |  1.7
Armour         | 3 |  3.7
Axes           | 4 |  4.1
Fighting       | 4 |  4.0

Action                   |  1- 3 |  4- 6 || total
-------------------------+-------+-------++-------
Melee: Hand axe          |    99 |    65 ||   164
  Use: Potion            |       |     3 ||     3
 Stab: Petrified         |       |     2 ||     2
  Eat: Chunk             |       |     2 ||     2
Armor: Leather armour    |    35 |     9 ||    44
       Ring mail         |       |     3 ||     3
Dodge: Dodged            |    69 |    36 ||   105
